 Dungeon Crawl Stone Soup version 0.14-a0-1876-g927fc3a (webtiles) character file.

316 Jenx the Poker (level 5, -2/42 HPs)
             Began as a Hill Orc Skald on Jan 14, 2014.
             Killed from afar by an orc wizard (3 damage)
             ... with a puff of flame
             ... on Level 4 of the Dungeon.
             The game lasted 00:05:30 (2667 turns).

Jenx the Poker (Hill Orc Skald)                     Turns: 2667, Time: 00:05:30

HP  -2/42        AC  8     Str 15      XL: 5   Next: 79%
MP   7/7         EV  9     Int 13      God:
Gold 116         SH  0     Dex 10      Spells:  3 memorised,  1 level left

rFire  . . .     SeeInvis .     a - +0 orc spear
rCold  . . .     Clarity  .     y - +0 orc ring mail
rNeg   . . .     Conserve .     (no shield)
rPois  .         rCorr    .     k - +0 helmet
rElec  .         rRot     .     i - +0 cloak
SustAb . .       Spirit   .     m - +0 pair of gloves
rMut   .         Warding  .     (no boots)
Saprov + . .     Stasis   .     (no amulet)
MR     .....                    (no ring)
                                (no ring)

@: slowed, very slow, not resistant to hostile enchantments, extremely
unstealthy
A: saprovore 1
a: no special abilities


You were on level 4 of the Dungeon.
You were hungry.

You visited 1 branch of the dungeon, and saw 4 of its levels.

You collected 116 gold pieces.

Inventory:

Hand weapons
 a - a +0,+0 orcish spear (weapon)
Missiles
 C - 3 tomahawks (quivered)
Armour
 i - a +0 cloak (worn)
 k - a +0 helmet (worn)
 m - a +0 pair of gloves (worn)
 y - a +0 orcish ring mail (worn)
Comestibles
 b - 13 grapes
 d - a meat ration
 r - 5 rotting chunks of ogre flesh
 u - a bread ration
Scrolls
 g - a scroll of curse weapon {unknown}
 h - a scroll of random uselessness {unknown}
 j - 5 scrolls of identify {unknown}
 n - a scroll of teleportation {unknown}
 q - 3 scrolls of recharging {unknown}
 t - 2 scrolls of immolation {unknown}
 v - a scroll of blinking {unknown}
 A - a scroll of fear {unknown}
Jewellery
 l - an uncursed amulet of inaccuracy {unknown}
 w - a +1 ring of strength {unknown}
Potions
 f - a potion of paralysis {unknown}
 o - a potion of curing
 s - 2 potions of degeneration {unknown}
 z - a potion of berserk rage {unknown}
Books
 c - a book of Battle

   Spells                             Type                      Level
   *Infusion                          Charms                       1
   *Shroud of Golubria                Charms/Translocation         2
   Song of Slaying                    Charms                       2
   *Spectral Weapon                   Hexes/Charms                 3
   Regeneration                       Charms/Necromancy            3
 p - a book of Cantrips

   Spells                             Type                      Level
   Confusing Touch                    Hexes                        1
   Animate Skeleton                   Necromancy                   1
   Summon Small Mammal                Summoning                    1
   Apportation                        Translocation                1


   Skills:
 - Level 2.4 Fighting
 * Level 6.4 Polearms
 - Level 1.1 Armour
 - Level 0.7 Dodging
 - Level 1.5 Spellcasting
 - Level 2.6 Charms


You had one spell level left.
You knew the following spells:

 Your Spells              Type           Power        Failure   Level  Hunger
a - Infusion              Chrm           #.....       10%         1    ##.....
b - Shroud of Golubria    Chrm/Tloc      #.........   24%         2    ###....
c - Spectral Weapon       Hex/Chrm       #.......     52%         3    ####...


Dungeon Overview and Level Annotations

Branches:
Dungeon (4/16)
 Temple: D:4-7

Altars:

Annotations:
D:3 exclusion: player ghost, acidapple's ghost, average DrMo


Innate Abilities, Weirdness & Mutations

You can tolerate rotten meat.


Message History

The orc wizard hits you but does no damage.
You hear some strange, mumbled words.
The puff of flame hits you!
* * * LOW HITPOINT WARNING * * *
The orc wizard hits you with an orcish dagger.
* * * LOW HITPOINT WARNING * * *
You miss something.
The orc wizard hits you but does no damage.
The orc wizard casts a spell at you.
You feel yourself slow down.
You closely miss something.
The orc wizard hits you but does no damage.
Something hits you.
* * * LOW HITPOINT WARNING * * *
The orc wizard hits you but does no damage.
The orc wizard barely misses you.
You hear some strange, mumbled words.
The puff of flame hits you!
Your scroll labeled VUHUMU HATUNNE catches fire!
You die...

###.... .. ...... ..#
### #.... .
....######.#####.... ..
...................
##.####.......#####....
..<...........# #....
...#.#..........# #..##
........@o....<.# #..##
...#.#...o..>..## #..##
.............# ###..##
..............####......
........................
.............####......
###.........# #......
......##.## #......
####. #..)...


You could see 2 orc wizards.

Vanquished Creatures
  An ogre (D:4)
  An orc priest (D:3)
  An iguana (D:4)
  A worm (D:2)
  3 giant geckos
  An ooze (D:2)
  6 orcs (D:3)
  3 ball pythons
  5 giant cockroaches
  6 goblins
  4 hobgoblins (D:1)
  5 kobolds
  5 bats
  4 giant newts
  5 rats
51 creatures vanquished.

Notes
Turn   | Place    | Note
--------------------------------------------------------------
     0 | D:1      | Jenx, the Hill Orc Skald, began the quest for the Orb.
     0 | D:1      | Reached XP level 1. HP: 18/18 MP: 2/2
   131 | D:1      | Reached skill level 3 in Polearms
   131 | D:1      | Reached XP level 2. HP: 22/25 MP: 3/3
   245 | D:1      | Learned a level 2 spell: Shroud of Golubria
   628 | D:1      | Reached XP level 3. HP: 30/30 MP: 5/5
   865 | D:2      | Reached skill level 4 in Polearms
  1582 | D:3      | Reached XP level 4. HP: 9/37 MP: 3/6
  1593 | D:3      | Reached skill level 5 in Polearms
  1819 | D:3      | Learned a level 3 spell: Spectral Weapon
  2278 | D:3      | Noticed acidapple's ghost (average DrMo)
  2293 | D:4      | Noticed an ogre
  2304 | D:4      | Killed an ogre
  2304 | D:4      | Reached skill level 6 in Polearms
  2304 | D:4      | Reached XP level 5. HP: 9/42 MP: 2/7
  2664 | D:4      | HP: 2/42 [orc wizard/magic dart (6)]
  2667 | D:4      | Killed from afar by an orc wizard

Action                   |  1- 3 |  4- 6 || total
-------------------------+-------+-------++-------
Melee: Spear             |   140 |    75 ||   215
 Cast: Shroud of Golubri |     1 |     3 ||     4
  Use: Potion            |       |     3 ||     3
